 Dungeon Crawl Stone Soup version 0.31.0-12-g77e489cdc1 (webtiles) character file.

Game seed: 8778112443751914721

25298 SuccubiThighs the Fighter (level 13, -15/145 HPs)
             Began as an Oni Gladiator on Mar 7, 2024.
             Was a Priest of Nemelex Xobeh.
             Demolished by a radroach (23 damage)
             ... on level 1 of the Spider Nest.
             The game lasted 00:54:55 (15004 turns).

SuccubiThighs the Fighter (Oni Gladiator)          Turns: 15004, Time: 00:54:56

Health: -15/145    AC:  6    Str: 31    XL:     13   Next: 18%
Magic:  25/25      EV: 10    Int:  9    God:    Nemelex Xobeh [***...]
Gold:   1140       SH:  0    Dex: 10    Spells: 8/28 levels left

rFire   . . .        h - +8 dire flail "Mud Pie of Death" {flame, rElec}
rCold   . . .        (shield currently unavailable)
rNeg    . . .        N - +2 troll leather armour
rPois   +            c - +0 hat
rElec   +            (no cloak)
rCorr   .            (gloves unavailable)
SInv    .            (boots unavailable)
Will    +....        B - amulet of faith
Stlth   +            M - ring of poison resistance
HPRegen 1.24/turn    y - +6 ring of strength
MPRegen 0.19/turn

%: faith
@: about to teleport, elixired
A: large, unfitting armour, horns 1, tough skin 1, double potion healing,
drunken brawling
a: Renounce Religion, Draw Escape, Draw Destruction, Draw Summoning, Triple Draw


You were on level 1 of the Spider Nest.
You worshipped Nemelex Xobeh.
Nemelex Xobeh was most pleased with you.
You visited 4 branches of the dungeon, and saw 14 of its levels.
You also visited: Sewer and Ossuary.

You collected 1245 gold pieces.
You spent 105 gold pieces at shops.

Inventory:

Hand Weapons
 b - a +4 vampiric broad axe
 h - the +8 dire flail "Mud Pie of Death" (weapon) {flame, rElec}
   (You took it off an ogre on level 3 of the Dungeon)

   rElec:     It insulates you from electricity.
 E - the +4 trident of Uhaum {drain, rElec rPois MP+9 Str-3}
   (You took it off a spriggan rider on level 3 of the Lair of Beasts)

   Str-3:     It affects your strength (-3).
   rElec:     It insulates you from electricity.
   rPois:     It protects you from poison MP+9: It affects your magic capacity
   (+9).
 L - a +2 heavy dire flail
 O - the +7 trident of Hubris {venom, Will+++ rCorr Int-4 Stlth+}
   (You found it on level 7 of the Dungeon)

   Int-4:     It affects your intelligence (-4).
   Will+++:   It greatly increases your willpower.
   rCorr:     It protects you from acid and corrosion.
   Stlth+:    It makes you more stealthy.
 X - a +0 giant spiked club
 Y - a +2 flail of protection
Missiles
 d - 4 throwing nets
 e - 7 large rocks
 l - 137 stones
 H - 4 poisoned darts
Armour
 c - a +0 hat (worn)
 u - the +4 robe of Folly {Brill Will-∞ Int+8}
   (You found it on level 3 of the Lair of Beasts)

   Brill:     It increases the power of your magical spells and halves their MP
   cost (rounding up).
   Will-∞: It reduces your willpower to zero.
   Int+8:     It affects your intelligence (+8).
 N - a +2 troll leather armour (worn)
 W - an orb of mayhem
Jewellery
 o - a ring of willpower
 t - a +6 ring of dexterity
 y - a +6 ring of strength (right hand)
 B - an amulet of faith (around neck)
 C - a ring of protection from cold
 J - a ring of resist corrosion
 M - a ring of poison resistance (left hand)
 S - a ring of see invisible
 U - a ring of wizardry
Wands
 m - a wand of iceblast (17) (quivered)
 n - a wand of digging (5)
 s - a wand of flame (33)
 K - a wand of mindburst (24)
 Z - a wand of polymorph (15)
Scrolls
 f - a scroll of torment
 j - 3 scrolls of teleportation
 k - 3 scrolls of enchant weapon
 w - 2 scrolls of enchant armour
 x - 2 scrolls of fog
 P - 5 scrolls of poison
 V - a scroll of brand weapon
Potions
 a - 2 potions of mutation
 g - 3 potions of brilliance
 i - 3 potions of enlightenment
 p - a potion of berserk rage
 q - 2 potions of lignification
 r - a potion of resistance {unknown}
 v - a potion of invisibility {unknown}
 z - 3 potions of attraction
 A - 2 potions of cancellation {unknown}
 F - a potion of might
 I - 2 potions of magic {unknown}
 Q - 3 potions of haste {unknown}
 T - a potion of ambrosia {unknown}


   Skills:
 * Level 13.9 Fighting
 + Level 8.4 Maces & Flails
 + Level 7.9 Throwing
 * Level 5.6 Armour
 - Level 2.9 Dodging
 + Level 3.8 Shields
 + Level 8.1 Spellcasting
 + Level 1.4 Conjurations
 + Level 1.4 Fire Magic
 + Level 3.9 Ice Magic
 + Level 1.9 Earth Magic
 * Level 12.2 Invocations


You had 8 spell levels left.
You knew the following spells:

 Your Spells              Type           Power      Damage    Failure   Level
a - Freeze                Ice            40%        1d6       4%          1
b - Ozocubu's Armour      Ice            10%        N/A       12%         3
c - Frozen Ramparts       Ice            20%        1d4       12%         3
d - Hailstorm             Conj/Ice       8%         3d5       21%         3
e - Passwall              Erth           7%         N/A       26%         3
f - Blink                 Tloc           6%         N/A       30%         2
g - Fireball              Conj/Fire      3%         3d4       97%         5

Your spell library contained the following spells:

 Spells                   Type           Power      Damage    Failure   Level
 Sandblast                Erth           14%        2d6       9%          1
 Magic Dart               Conj           24%        1d4       11%         1
 Ensorcelled Hibernation  Hex/Ice        14%        N/A       14%         2
 Searing Ray              Conj           12%        2d4       16%         2
 Momentum Strike          Conj/Tloc      8%         3d8       22%         2
 Stone Arrow              Conj/Erth      12%        3d7       28%         3
 Lesser Beckoning         Tloc           6%         N/A       30%         2
 Fugue of the Fallen      Necr           3%         N/A       52%         3
 Gell's Gravitas          Tloc           3%         N/A       52%         3
 Teleport Other           Tloc           3%         N/A       52%         3
 Brom's Barrelling Bould  Conj/Erth      6%         2d3       67%         4
 Fulminant Prism          Conj/Alch      2%         3d5       82%         4
 Anguish                  Hex/Necr       1%         N/A       89%         4
 Metabolic Englaciation   Hex/Ice        3%         N/A       94%         5
 Iskenderun's Battlesphe  Conj           6%         2d6       96%         5
 Conjure Ball Lightning   Conj/Air       2%         3x3d6     100%        6
 Sculpt Simulacrum        Ice/Alch       3%         N/A       100%        6
 Orb of Destruction       Conj           3%         9d5       100%        7


Dungeon Overview and Level Annotations

Branches:
Dungeon (9/15)             Temple (1/1) D:4            Lair (3/5) D:9
 Spider (1/4) Lair:3        Sewer (visited)         Ossuary (visited)
  Swamp: Lair:2-3    Shoals: Lair:2-3       Orc: D:9-12

Altars:
Ashenzari
Dithmenos
Elyvilon
Fedhas
Gozag
Hepliaklqana
Kikubaaqudgha
Makhleb
Nemelex Xobeh
Okawaru
Qazlal
Ru
Sif Muna
Uskayaw
Vehumet
Wu Jian
Xom
Yredelemnul
Zin
The Shining One

Shops:
D:3 :*   D:8 =


Innate Abilities, Weirdness & Mutations

You are too large for most types of armour.
You have a pair of small horns on your head.
You have tough skin. (AC +1)
You gain doubled healing and magic from potions.
Whenever you drink a healing potion, you attack all around you.


Message History

The demonic crawler hits you!
* * * LOW HITPOINT WARNING * * *
The demonic crawler hits you but does no damage.
The demonic crawler hits you!
* * * LOW HITPOINT WARNING * * *
Your surroundings suddenly seem different.
A redback and a radroach come into view.
A tarantella comes into view.
You hear a deep rumble.
The tarantella's many legs skitter faintly.
You hear a hideous shriek!
You draw... (choose one card, ? for their descriptions) a - Exile b - Velocity c - Velocity You have drawn Exile.
You draw a card...
You have drawn the Elixir.
You begin rapidly regenerating health and magic.
The deck of cards glows slightly and disappears.
You sock the radroach! You burn the radroach.
The radroach is moderately wounded.
The radroach bites you!
* * * LOW HITPOINT WARNING * * *
The radroach claws you.
* * * LOW HITPOINT WARNING * * *
You bludgeon the radroach!! You burn the radroach.
You headbutt the radroach, but do no damage.
The radroach is heavily wounded.
The redback bites you!
* * * LOW HITPOINT WARNING * * *
The tarantella misses you. The radroach bites you!!
* * * LOW HITPOINT WARNING * * *
The radroach claws you.
* * * LOW HITPOINT WARNING * * *
As you read the scroll of teleportation, it crumbles to dust.
You feel strangely unstable. The redback bites you!
* * * LOW HITPOINT WARNING * * *
The tarantella barely misses you. The radroach bites you!!
You die...
Your body glows slightly and disappears.

### ###.#
##s^s##### ##
##
#@Bs#..####.(#
.
##s...#.†.#..#
.
###^...###....#
# #.#.#.^# ..(#
# #...#...#
#...#
#.....###..#
#..# #s#..##
#... #..s s.
#... #...###. #
##. .#..#..


You could see a radroach, a demonic crawler, a tarantella and 2 redbacks.

Vanquished Creatures
  A centaur warrior (D:9)
  3 two-headed ogres
  A boulder beetle (Lair:1)
  An ugly thing (D:9)
  2 wolf spiders (Spider:1)
  Joseph (D:9)
  A black mamba (Lair:2)
  2 torpor snails
  3 cane toads
  A rime drake (Lair:2)
  Maggie (D:9)
  A komodo dragon (Lair:2)
  3 polar bears
  4 tarantellas (Spider:1)
  A jumping spider (Spider:1)
  4 blink frogs (Lair:3)
  2 culicivoras
  22 yaks
  A wyvern (D:9)
  3 steam dragons
  3 fire bats (Lair:1)
  3 basilisks
  4 redbacks (Spider:1)
  Edmund (D:6)
  8 water moccasins
  5 orc warriors
  3 ice beasts
  4 sky beasts
  3 ogres
  2 black bears
  10 wolves
  2 centaurs
  The ghost of velxir3 the Changeling, an amateur DsSh (D:3)
  14 bullfrogs
  A brain worm (Sewer)
  2 wyvern zombies (D:7)
  A gnoll sergeant (D:8)
  A water moccasin zombie (D:5)
  A burial acolyte (D:7)
  A wyvern skeleton (D:7)
  3 wights (D:7)
  A howler monkey (D:6)
  A bombardier beetle (D:5)
  2 bullfrog zombies
  A human zombie (D:7)
  2 jellies
  4 hounds
  8 orc priests
  A scorpion zombie (D:5)
  A gnoll bouda (D:9)
  A centaur skeleton (D:7)
  Terence (D:2)
  An iguana (D:5)
  3 sleepcaps
  5 orc wizards
  A killer bee zombie (D:7)
  A hound zombie (D:5)
  2 mummies (Ossuary)
  3 howler monkey zombies
  6 gnolls
  2 river rats (Sewer)
  5 adders
  A shadow imp (D:5)
  3 white imps
  7 dart slugs
  3 ribbon worms
  24 orcs
  14 ball pythons
  7 endoplasms
  9 giant cockroaches
  8 goblins
  8 hobgoblins
  14 jackals
  3 quokkas
  13 bats
  6 frilled lizards
  A hobgoblin zombie (Ossuary)
  10 kobolds
  A kobold zombie (Ossuary)
  7 rats
322 creatures vanquished.

Vanquished Creatures (collateral kills)
  The ghost of kftrendy the Mimic, a journeyman TrFi of Wu Jian (Lair:3)
  A hydra (Lair:2)
  A cyclops (D:7)
  A cane toad (Lair:2)
  A polar bear (Lair:3)
  A hornet (Lair:3)
  2 spriggans (Lair:3)
  2 culicivoras (Lair:3)
  2 wyverns
  A steam dragon (D:9)
  A basilisk (D:9)
  A water moccasin (Lair:2)
  An orc warrior (D:9)
  A boggart (Lair:3)
  A black bear (Lair:3)
  4 wolves
  A kobold brigand (D:8)
  2 orc priests (D:9)
  An orc wizard (D:8)
  6 mummies (Ossuary)
  3 orcs (D:9)
  3 gnoll zombies (Ossuary)
  A kobold zombie (Ossuary)
  2 orc zombies (Ossuary)
41 creatures vanquished.

Grand Total: 363 creatures vanquished

Notes
Turn   | Place    | Note
-------+----------+-------------------------------------------
     0 | D:1      | SuccubiThighs the Oni Gladiator began the quest for the
                  | Orb.
     0 | D:1      | Reached XP level 1. HP: 22/22 MP: 1/1
   155 | D:1      | Reached XP level 2. HP: 28/29 MP: 2/2
   159 | D:1      | Reached skill level 3 in Fighting
   582 | D:1      | Reached XP level 3. HP: 31/37 MP: 3/3
  1201 | D:2      | Reached skill level 1 in Spellcasting
  1240 | D:2      | Noticed Terence
  1250 | D:2      | Killed Terence
  1251 | D:2      | Reached skill level 4 in Fighting
  1251 | D:2      | Reached XP level 4. HP: 22/48 MP: 5/5
  1752 | D:3      | Noticed a walking frostbound tome
  1752 | D:3      | Noticed a walking divine tome
  1752 | D:3      | Found Borhureg's Book Shop.
  1769 | D:3      | Found Upucori's General Store.
  1777 | D:3      | Bought a potion of curing for 30 gold pieces
  1777 | D:3      | Bought a wand of flame (5) for 35 gold pieces
  1832 | D:3      | Found an iron altar of Okawaru.
  1916 | D:3      | Found a sparkling altar of Nemelex Xobeh.
  1921 | D:3      | Became a worshipper of Nemelex Xobeh the Trickster
  1984 | D:3      | Found a glowing drain.
  2012 | Sewer    | Entered a sewer
  2134 | Sewer    | Noticed a brain worm
  2139 | Sewer    | Killed a brain worm
  2140 | Sewer    | Reached skill level 1 in Invocations
  2140 | Sewer    | Reached XP level 5. HP: 49/55 MP: 5/7
  2654 | Sewer    | Reached skill level 5 in Fighting
  2661 | Sewer    | Reached XP level 6. HP: 49/66 MP: 7/9
  3268 | D:3      | Noticed velxir3's ghost (amateur DsSh)
  3269 | D:3      | Found a transporter.
  3313 | D:3      | Found a transporter.
  3314 | D:3      | Identified the +8 dire flail "Mud Pie of Death" {flame,
                  | rElec}
  3335 | D:3      | Killed velxir3's ghost
  3336 | D:3      | Reached XP level 7. HP: 39/74 MP: 10/10
  3824 | D:3      | Found a radiant altar of Vehumet.
  3824 | D:3      | Found a broken altar of Ashenzari.
  3945 | D:3      | Bought a scroll of noise for 10 gold pieces
  3945 | D:3      | Bought a potion of attraction for 30 gold pieces
  4067 | D:4      | Reached skill level 6 in Fighting
  4295 | D:4      | Found a staircase to the Ecumenical Temple.
  4302 | Temple   | Entered the Ecumenical Temple
  4506 | D:4      | Identified the +1 dagger of Vodka {holy, rElec Dex+2}
  4725 | D:5      | Entered Level 5 of the Dungeon
  4725 | D:5      | Reached * piety under Nemelex Xobeh
  4755 | D:5      | Received a gift from Nemelex Xobeh
  4789 | D:5      | Reached skill level 7 in Fighting
  4789 | D:5      | Reached XP level 8. HP: 82/87 MP: 12/12
  4868 | D:5      | Found a basalt altar of Yredelemnul.
  4873 | D:5      | Reached skill level 5 in Invocations
  5220 | D:5      | Reached skill level 5 in Maces & Flails
  5494 | D:5      | Reached ** piety under Nemelex Xobeh
  5509 | D:5      | Received a gift from Nemelex Xobeh
  5625 | D:5      | Found a white marble altar of Elyvilon.
  5819 | D:6      | Reached skill level 8 in Fighting
  6046 | D:6      | Reached XP level 9. HP: 52/97 MP: 15/15
  6210 | D:6      | Noticed Edmund
  6219 | D:6      | Killed Edmund
  6451 | D:6      | Found a stormy altar of Qazlal.
  6690 | D:6      | Reached *** piety under Nemelex Xobeh
  6948 | D:7      | Reached skill level 9 in Fighting
  6948 | D:7      | Reached skill level 5 in Throwing
  7291 | D:7      | Received a gift from Nemelex Xobeh
  7444 | D:7      | Noticed a cyclops
  7451 | D:7      | Killed a cyclops
  7452 | D:7      | Reached skill level 5 in Spellcasting
  7461 | D:7      | Found a shimmering altar of Xom.
  7467 | D:7      | Identified the +7 trident of Hubris {venom, Will+++ rCorr
                  | Int-4 Stlth+}
  7516 | D:7      | Found a sand-covered staircase.
  7532 | Ossuary  | Entered an ossuary
  8207 | D:7      | Found an ancient bone altar of Kikubaaqudgha.
  8211 | D:7      | Reached skill level 10 in Fighting
  8223 | D:7      | Reached XP level 10. HP: 97/110 MP: 16/18
  8520 | D:8      | Received a gift from Nemelex Xobeh
  8668 | D:8      | Reached **** piety under Nemelex Xobeh
  8699 | D:8      | Noticed a two-headed ogre
  8707 | D:8      | Killed a two-headed ogre
  8710 | D:8      | Reached skill level 11 in Fighting
  8760 | D:8      | Noticed a two-headed ogre
  8762 | D:8      | Found Hecotyop's Jewellery Boutique.
  8771 | D:8      | Killed a two-headed ogre
  9390 | D:8      | Learned a level 1 spell: Freeze
  9394 | D:8      | Learned a level 3 spell: Ozocubu's Armour
  9507 | D:8      | Received a gift from Nemelex Xobeh
  9775 | D:9      | Noticed a two-headed ogre
  9779 | D:9      | Killed a two-headed ogre
  9780 | D:9      | Reached skill level 1 in Armour
  9780 | D:9      | Reached skill level 1 in Shields
  9780 | D:9      | Reached skill level 1 in Ice Magic
  9780 | D:9      | Reached skill level 10 in Invocations
  9780 | D:9      | Reached XP level 11. HP: 115/123 MP: 11/20
  9785 | D:9      | Found a transporter.
  9794 | D:9      | Reached skill level 12 in Fighting
  9795 | D:9      | Found a blossoming altar of Fedhas.
  9795 | D:9      | Found a transporter.
  9799 | D:9      | Noticed a red ugly thing
  9799 | D:9      | Noticed a centaur warrior
  9864 | D:9      | Noticed Joseph
  9876 | D:9      | Killed Joseph
 10005 | D:9      | Found a staircase to the Lair.
 10301 | D:9      | Noticed Maggie
 10308 | D:9      | Killed Maggie
 10375 | D:9      | Found an ornate altar of the Wu Jian Council.
 10589 | D:9      | Received a gift from Nemelex Xobeh
 11212 | D:9      | Killed a red ugly thing
 11217 | D:9      | Killed a centaur warrior
 11420 | Lair:1   | Entered Level 1 of the Lair of Beasts
 11509 | Lair:1   | Received a gift from Nemelex Xobeh
 11651 | Lair:1   | Noticed a boulder beetle
 11664 | Lair:1   | Killed a boulder beetle
 11807 | Lair:1   | Reached ***** piety under Nemelex Xobeh
 11851 | Lair:1   | Received a gift from Nemelex Xobeh
 11860 | Lair:1   | Reached XP level 12. HP: 119/133 MP: 22/22
 12789 | Lair:2   | Noticed an eight-headed hydra
 12791 | Lair:2   | Identified the +0 quarterstaff "Gamontasch" {drain, Fly rF-
                  | Will+ Dex+3}
 12795 | Lair:2   | Reached skill level 13 in Fighting
 12796 | Lair:2   | Killed an eight-headed hydra
 12960 | Lair:2   | Received a gift from Nemelex Xobeh
 13108 | Lair:2   | Learned a level 3 spell: Frozen Ramparts
 13112 | Lair:2   | Learned a level 3 spell: Hailstorm
 13116 | Lair:2   | Learned a level 3 spell: Passwall
 13605 | Lair:2   | Received a gift from Nemelex Xobeh
 13974 | Lair:3   | Found the +4 robe of Folly {Brill Will-∞ Int+8}
 13990 | Lair:3   | Reached skill level 1 in Earth Magic
 14101 | Lair:3   | Learned a level 2 spell: Blink
 14107 | Lair:3   | Learned a level 5 spell: Fireball
 14350 | Lair:3   | Reached skill level 5 in Armour
 14409 | Lair:3   | Found a runed translucent door.
 14410 | Lair:3   | Noticed kftrendy's ghost (journeyman TrFi)
 14412 | Lair:3   | Identified the +4 trident of Uhaum {drain, rElec rPois MP+9
                  | Str-3}
 14536 | Lair:3   | Identified the -2 hand axe "Nizxuroll" {spect, rF++}
 14546 | Lair:3   | Killed kftrendy's ghost
 14765 | Lair:3   | Reached skill level 1 in Conjurations
 14779 | Lair:3   | Reached skill level 1 in Fire Magic
 14779 | Lair:3   | Reached XP level 13. HP: 44/145 MP: 25/25
 14839 | Lair:3   | Found a hole to the Spider Nest.
 14865 | Spider:1 | Entered Level 1 of the Spider Nest
 14996 | Spider:1 | HP: 1/145 [demonic crawler (17)]
 15003 | Spider:1 | HP: 6/145 [radroach (18)]
 15004 | Spider:1 | Demolished by a radroach

Illustrated notes

Levels and vault maps discovered:
D:1:      reono_arrival_forest_river, layout_loops_ring, st_stairs_3
D:2:      layout_basic, uniq_terence
D:3:      layout_basic, lemuel_doored_altar, general_overflow_altar,
          gammafunk_temple_overflow_elements, gammafunk_ghost_smash,
          gup_sewer_entry_glass, serial_shops, nicolae_shop_tiny_waterfront,
          nicolae_shop_mannequins, kennysheep_big_empty_room, minmay_cupped
D:4:      layout_basic, minmay_temple_entry_gardened_gates
D:5:      layout_gridville, nicolae_yredelemnul_corpse_copse,
          kennysheep_mini_moat
D:6:      layout_basic, nicolae_qazlal_general_emergency, columned_hall_lemuel,
          uniq_edmund
D:7:      kennysheep_steamy, layout_loops_ring,
          lemuel_mausoleum_altar_kikubaaqudgha, mainiacjoe_overflow_brackets,
          chequers_ossuary_entry_cave, serial_library_regret_index_split_case
D:8:      layout_gridville, serial_shops, nicolae_diamond_shop,
          minmay_fractal_squares_gapless_5
D:9:      cheibrodos_elevator_heist, layout_long_grid,
          gammafunk_temple_overflow_arena, nicolae_wu_jian_immortal_techniques,
          minmay_lair_entry_grove, patterned_corridor, uniq_maggie, uniq_joseph
Temple:   jpeg_temple_island
Lair:1:   layout_gridlike, nicolae_volcano_entry_batcave
Lair:2:   layout_roguey, wad_woods_03, lemuel_fruit_tree
Lair:3:   layout_roguey, mainiacjoe_swamp_entry_lozenge_pond,
          hellmonk_spider_entry_life_and_decay, ebering_ghost_funeral_grove,
          dreamdust_deal_with_the_devil, pf_torpor_hydra
Spider:1: layout_spider_delve

Skill      XL: |  1  2  3  4  5  6  7  8  9 10 11 12 |
---------------+-------------------------------------+-----
Fighting       | 3 4 5 7 8 10 11 12 13 | 13.9
Spellcasting   | 1 2 3 4 5 6 7 8 |  8.1
Invocations    | 1 2 3 4 6 8 10 11 12 | 12.2
Throwing       | 3 4 5 6 7 |  7.9
Maces & Flails | 4 5 6 7 8 |  8.4
Armour         | 1 3 5 |  5.6
Shields        | 1 2 3 |  3.8
Ice Magic      | 1 2 3 |  3.9
Earth Magic    | 1 |  1.9
Conjurations   | 1 |  1.4
Fire Magic     | 1 |  1.4
Dodging        | |  2.9

Action                     |  1- 3 |  4- 6 |  7- 9 | 10-12 | 13-15 || total
---------------------------+-------+-------+-------+-------+-------++-------
  Melee: Flail             |   115 |   163 |       |       |       ||   278
         Headbutt          |    25 |    23 |    32 |    56 |     6 ||   142
         Dire flail        |       |       |   169 |   274 |    30 ||   473
  Throw: Large rock        |       |       |       |     7 |       ||     7
   Cast: Ozocubu's Armour  |       |       |       |     1 |       ||     1
 Invoke: Draw Destruction  |       |       |     7 |    18 |     3 ||    28
         Draw Summoning    |       |       |     4 |     6 |       ||    10
         Deal Four         |       |       |       |     5 |     2 ||     7
         Draw Escape       |       |       |       |     2 |     2 ||     4
         Triple Draw       |       |       |       |       |     2 ||     2
  Evoke: Wand              |       |       |     2 |     1 |     5 ||     8
    Use: Scroll            |     2 |     4 |     2 |     5 |     8 ||    21
         Potion            |       |     4 |       |     7 |     4 ||    15
   Stab: Sleeping          |       |     2 |     3 |       |       ||     5
         Petrifying        |       |       |       |     1 |       ||     1
 Armour: Robe              |    98 |   187 |   107 |    31 |       ||   423
         Steam dragon scal |       |       |       |   255 |       ||   255
         Troll leather arm |       |       |       |    43 |    53 ||    96
  Dodge: Dodged            |   106 |   163 |   108 |   195 |    25 ||   597
